 Dungeon Crawl Stone Soup version 0.27.1-33-g824d729ab1 (webtiles) character file.

Game seed: 13747323805237416955

1117 GameOver the Stinger (level 8, -1/62 HPs)
             Began as a Naga Hedge Wizard on Dec 15, 2021.
             Was an Initiate of Kikubaaqudgha.
             Succumbed to a water moccasin's poison
             ... on level 6 of the Dungeon.
             The game lasted 00:27:43 (4259 turns).

GameOver the Stinger (Naga Hedge Wizard)            Turns: 4259, Time: 00:27:44

Health: -1/62      AC: 13    Str: 10 (12) XL:     8   Next: 34%
Magic:  2/13       EV:  9    Int: 21 (24) God:    Kikubaaqudgha [......]
Gold:   220        SH:  0    Dex:  8 (10) Spells: 4/13 levels left

rFire    + . .     SeeInvis +   w - +0 short sword
rCold    + . .     Faith    +   (no shield)
rNeg     . . .     Spirit   .   b - +0 robe
rPois    +         Reflect  .   c - +0 hat
rElec    +         Harm     .   (no cloak)
rCorr    +         Rampage  .   (no gloves)
Will     +....                  (no barding)
Stlth    +++.......             A - amulet of faith
HPRegen  0.20/turn              p - +6 ring of intelligence
MPRegen  0.13/turn              y - ring "Uphukkyph" {+Blink AC+4}

@: brilliant, lethally poisoned (-1 -> -14), ice-armoured, resistant, very slow
A: AC +2, large, see invisible, deformed body, poison resistance, slowness 2,
spit poison 1, naga tail 1
a: Spit Poison, Renounce Religion, Evoke Blink


You were on level 6 of the Dungeon.
You worshipped Kikubaaqudgha.
Kikubaaqudgha was noncommittal.
You visited 2 branches of the dungeon, and saw 8 of its levels.

You collected 220 gold pieces.

Inventory:

Hand Weapons
 a - a +1 dagger of venom
 s - a +0 spear
 w - a +0 short sword (weapon)
 W - a +1 flail of holy wrath
Missiles
 d - a throwing net
Armour
 b - a +0 robe (worn)
 c - a +0 hat (worn)
Jewellery
 g - a ring of flight
 o - a ring of protection from cold
 p - a +6 ring of intelligence (left hand)
 y - the ring "Uphukkyph" (right hand) {+Blink AC+4}
   (You found it on level 5 of the Dungeon)

   [ring of protection]

   AC:        It affects your AC (+4).
   +Blink:    It lets you blink.
 A - an amulet of faith (around neck)
Wands
 h - a wand of flame (26)
Scrolls
 f - 2 scrolls of teleportation {unknown}
 i - a scroll of immolation
 k - 2 scrolls of summoning {unknown}
 l - 3 scrolls of vulnerability
 m - a scroll of noise {unknown}
 r - a scroll of enchant weapon {unknown}
 u - a scroll of brand weapon {unknown}
 v - a scroll of fear {unknown}
 x - a scroll of amnesia {unknown}
Potions
 e - 2 potions of flight


   Skills:
 - Level 1.5 Dodging
 + Level 5.5 Stealth
 + Level 3.3 Spellcasting
 - Level 6.0 Conjurations
 - Level 1.0 Summonings
 * Level 2.0 Translocations
 + Level 1.0 Ice Magic
 + Level 6.6 Poison Magic
 - Level 3.0 Evocations


You had 4 spell levels left.
You knew the following spells:

 Your Spells              Type           Power      Damage    Failure   Level
a - Magic Dart            Conj           100%       1d8       1%          1
b - Blink                 Tloc           N/A        N/A       9%          2
d - Mephitic Cloud        Conj/Pois/Air  31%        N/A       7%          3
x - Ozocubu's Armour      Ice            11%        N/A       26%         3

Your spell library contained the following spells:

 Spells                   Type           Power      Damage    Failure   Level
 Conjure Flame            Conj/Fire      24%        6-21      11%         3
 Call Imp                 Summ           11%        N/A       13%         2
 Gell's Gravitas          Tloc           9%         N/A       17%         3
 Lesser Beckoning         Tloc           9%         N/A       17%         3
 Teleport Other           Tloc           18%        N/A       17%         3
 Slow                     Hex            5%         N/A       19%         2
 Passage of Golubria      Tloc           N/A        N/A       50%         4
 Metabolic Englaciation   Hex/Ice        4%         N/A       96%         5
 Silence                  Hex/Air        2%         N/A       98%         5
 Simulacrum               Ice/Necr       4%         N/A       100%        6
 Lehudib's Crystal Spear  Conj/Erth      12%        10d4      100%        8


Dungeon Overview and Level Annotations

Branches:
Dungeon (7/15)             Temple (1/1) D:6

Altars:
Ashenzari
Dithmenos
Elyvilon
Fedhas
Gozag
Hepliaklqana
Kikubaaqudgha
Makhleb
Nemelex Xobeh
Okawaru
Qazlal
Ru
Sif Muna
Trog
Uskayaw
Vehumet
Wu Jian
Xom
Yredelemnul
Zin
The Shining One

Annotations:
D:4 Menkaure


Innate Abilities, Weirdness & Mutations

Your serpentine skin is tough. (AC +2)
You have supernaturally acute eyesight. (SInv)
Armour fits poorly on your strangely shaped body.
Your system is resistant to poisons. (rPois)
You cover ground very slowly.
You can spit poison.
You have a snake-like lower body.


Message History

The water moccasin is almost dead.
You feel sick.
The water moccasin bites you but does no damage.
The water moccasin bites you.
* * * LOW HITPOINT WARNING * * *
You are lethally poisoned!
The water moccasin poisons you!
Unknown command.
That's the wrong kind of item! (Use * to select it.) Evoke which item? (* to show all) (? for menu, Esc to quit)
Okay, then.
Unknown command.
Aiming: Throw Flame
Press: ? - help, Shift-Dir - straight line, f/p - water moccasin
Aim: a water moccasin (almost dead, 53% to hit)
The puff of flame hits the water moccasin.
The water moccasin is almost dead.
* * * LOW HITPOINT WARNING * * *
You feel very sick. The water moccasin barely misses you.
Unknown command.
Unknown command.
Aiming: Throw Flame
Press: ? - help, Shift-Dir - straight line, f/p - water moccasin
Aim: a water moccasin (almost dead, 53% to hit)
The puff of flame misses the water moccasin.
* * * LOW HITPOINT WARNING * * *
You feel very sick. The water moccasin bites you.
* * * LOW HITPOINT WARNING * * *
The water moccasin barely misses you.
Unknown command.
Aiming: Throw Flame
Press: ? - help, Shift-Dir - straight line, f/p - water moccasin
Aim: a water moccasin (almost dead, 53% to hit)
The puff of flame hits the water moccasin.
You kill the water moccasin!
Kikubaaqudgha accepts your kill.
You die...
Kikubaaqudgha rasps: "You have failed me!
Welcome... death!"

### *........##*,,,*,,,, #.#####
**.<......##,,,,,,** ##.#...#
*.........,,,,,,,,* #......#
*,......##.,,,,,,,, #####..#.##
**.....<...,,,>,,*, #.###.....#
####..?.....,,,,***,
#.........####.#.....#**,,,,,**,,
...........##..†.....# *,,,,,**,,
.......#........@....#**,,,,,**,*
#....###...)....##...#,,,,,,,,,,*
#....##.........#*#.....,,,,,,,,,
.....##..........#*....#,,,,,,,,,
......)................#***,,,,,,
......#.#........#...######.,,,,*
.....##.#.......####.......,,,,,,
#....#.....###..##........,,,,,,,
######)...####.(.#......#*,*,,,,,


There were no monsters in sight!

Vanquished Creatures
  A water moccasin (D:6)
  A necrophage (D:5)
  A black bear (D:6)
  An ogre (D:5)
  A scorpion (D:6)
  A wyvern skeleton (D:7)
  A bullfrog zombie (D:6)
  A jelly (D:4)
  A hound (D:6)
  2 orc priests
  Jessica (D:2)
  Ijyb (D:3)
  3 iguanas
  8 orc wizards
  2 hound skeletons
  5 adders
  3 gnolls
  A white imp (D:5)
  A worm (D:2)
  3 dart slugs
  31 orcs
  9 endoplasms
  2 giant cockroaches
  7 goblins
  5 hobgoblins
  8 jackals
  10 kobolds
  3 quokkas
  3 ball pythons
  6 bats
  2 frilled lizards (D:2)
  3 rats
128 creatures vanquished.

Vanquished Creatures (collateral kills)
  A scorpion (D:3)
1 creature vanquished.

Grand Total: 129 creatures vanquished

Notes
Turn   | Place    | Note
-------+----------+-------------------------------------------
     0 | D:1      | GameOver the Naga Hedge Wizard began the quest for the Orb.
     0 | D:1      | Reached XP level 1. HP: 15/15 MP: 4/4
   136 | D:1      | Reached XP level 2. HP: 5/22 MP: 1/6
   609 | D:1      | Reached XP level 3. HP: 28/28 MP: 7/7
   612 | D:1      | Learned a level 2 spell: Blink
   616 | D:1      | Learned a level 3 spell: Mephitic Cloud
   812 | D:2      | Reached skill level 1 in Poison Magic
   870 | D:2      | Noticed Jessica
   935 | D:2      | Killed Jessica
   936 | D:2      | Reached XP level 4. HP: 36/36 MP: 1/8
  1456 | D:2      | Reached XP level 5. HP: 42/42 MP: 6/9
  2089 | D:3      | Reached XP level 6. HP: 49/49 MP: 5/10
  2384 | D:3      | Reached skill level 5 in Poison Magic
  2502 | D:3      | Noticed Ijyb
  2516 | D:3      | Killed Ijyb
  2517 | D:3      | Reached skill level 5 in Conjurations
  2950 | D:4      | Learned a level 3 spell: Ozocubu's Armour
  3125 | D:4      | Reached XP level 7. HP: 55/55 MP: 6/11
  3449 | D:4      | Noticed Menkaure
  3459 | D:5      | Entered Level 5 of the Dungeon
  3462 | D:5      | Identified the ring "Uphukkyph" {+Blink AC+4}
  3551 | D:5      | Reached skill level 1 in Evocations
  3694 | D:5      | You fall into a shaft and drop 2 floors!
  3935 | D:6      | Reached XP level 8. HP: 62/62 MP: 9/12
  4047 | D:6      | Reached skill level 5 in Stealth
  4056 | D:6      | Found a staircase to the Ecumenical Temple.
  4062 | Temple   | Entered the Ecumenical Temple
  4148 | Temple   | Became a worshipper of Kikubaaqudgha
  4233 | D:6      | Reached skill level 1 in Ice Magic
  4258 | D:6      | HP: 2/62 [water moccasin (6)]
  4259 | D:6      | Succumbed to a water moccasin's poison

Illustrated notes

Levels and vault maps discovered:
D:1:      onia_arrival_pentagram, layout_basic, minmay_misc_feat_four_crosses,
          minmay_fountain_box
D:2:      layout_basic, minmay_pentomino_s2, uniq_jessica
D:3:      layout_loops_ring, uniq_ijyb
D:4:      layout_cave_pools, patterned_corridor, uniq_menkaure, uniq_duvessa
D:5:      layout_loops_cross, nicolae_overflow_crystal_walls,
          grunt_ministairs_2, kennysheep_generic_room_6
D:6:      layout_cave_pools, minmay_temple_entry_enclosed_plants,
          serial_column_ruins, column_ruins_hut, column_ruins_hut,
          column_ruins_open_small, column_ruins_open_small, column_ruins_grid_1,
          column_ruins_open_large
D:7:      layout_cave_pools, serial_shops, nicolae_stop_n_shop_2
Temple:   dpeg_three_leaves_temple

Skill      XL: |  1  2  3  4  5  6  7  8 |
---------------+-------------------------+-----
Conjurations   | 2 3 4 5 6 |  6.0
Poison Magic   | 2 3 4 5 6 |  6.6
Evocations     | 3 |  3.0
Stealth        | 4 5 |  5.5
Translocations | 2 |  2.0
Ice Magic      | 1 |  1.0
Dodging        | |  1.5
Spellcasting   | |  3.3
Summonings     | |  1.0

Action                   |  1- 3 |  4- 6 |  7- 9 || total
-------------------------+-------+-------+-------++-------
Melee: Whip              |     4 |       |       ||     4
       Short sword       |       |     7 |    18 ||    25
       Dagger            |       |    37 |    33 ||    70
       Flail             |       |       |     5 ||     5
 Cast: Magic Dart        |    50 |    79 |    67 ||   196
       Mephitic Cloud    |       |    12 |     3 ||    15
       Ozocubu's Armour  |       |       |     1 ||     1
 Abil: Spit Poison       |    31 |    53 |    27 ||   111
Evoke: Wand              |       |       |     6 ||     6
  Use: Scroll            |     2 |     3 |     1 ||     6
       Potion            |       |     3 |     6 ||     9
 Stab: Invisible         |       |       |     4 ||     4
Armor: Robe              |     1 |     9 |    28 ||    38
Dodge: Dodged            |     9 |    37 |    39 ||    85
